 Dungeon Crawl Stone Soup version 0.27-a0-1525-g1038ab4fd7 (webtiles) character file.

Game seed: 726834058393591704

184 Spaninq the Firebug (level 5, 0/38 HPs)
             Began as a Demonspawn Fire Elementalist on July 10, 2021.
             Was a Follower of Okawaru.
             Slain by a river rat (4 damage)
             ... summoned by Eustachio
             ... on level 4 of the Dungeon.
             The game lasted 00:09:37 (3738 turns).

Spaninq the Firebug (Demonspawn Fire Elementalist)  Turns: 3738, Time: 00:09:38

Health: 0/38       AC: 17    Str:  8 (10) XL:     5   Next: 36%
Magic:  8/8        EV:  8    Int: 15 (16) God:    Okawaru [*.....]
Gold:   167        SH:  5    Dex: 11 (13) Spells: 7/8 levels left

rFire    . . .     SeeInvis +   c - +0 hand axe
rCold    . . .     Faith    .   (no shield)
rNeg     . . .     Spirit   .   g - +0 scale mail
rPois    .         Reflect  +   i - +2 hat
rElec    .         Harm     .   (no cloak)
rCorr    .         Rampage  .   (no gloves)
Will     .....                  (no boots)
Stlth    ..........             q - amulet of reflection
HPRegen  0.12/turn              f - ring of see invisible
MPRegen  0.11/turn              (no ring)

@: sanguine armoured
A: foul stench 1, sanguine armour 2
a: Renounce Religion, Heroism


You were on level 4 of the Dungeon.
You worshipped Okawaru.
Okawaru was aware of your devotion.
You visited 1 branch of the dungeon, and saw 4 of its levels.

You collected 167 gold pieces.

Inventory:

Hand Weapons
 c - a +0 hand axe (weapon)
Armour
 g - a +0 scale mail (worn)
 i - a +2 hat (worn)
 p - a +0 chain mail
Jewellery
 f - a ring of see invisible (left hand)
 q - an amulet of reflection (around neck)
Scrolls
 a - a scroll of noise {unknown}
 d - 3 scrolls of identify {unknown}
 j - 2 scrolls of amnesia {unknown}
 m - a scroll of teleportation {unknown}


   Skills:
 + Level 2.0 Fighting
 * Level 2.6 Axes
 + Level 1.8 Armour
 + Level 2.7 Dodging
 - Level 1.8 Stealth
 - Level 2.0 Spellcasting
 - Level 1.1 Conjurations
 - Level 2.7 Fire Magic


You had 7 spell levels left.
You knew the following spells:

 Your Spells              Type           Power      Damage    Failure   Level
a - Foxfire               Conj/Fire      28%        2x1d5     67%         1

Your spell library contained the following spells:

 Spells                   Type           Power      Damage    Failure   Level
 Summon Small Mammal      Summ           4%         N/A       91%         1
 Conjure Flame            Conj/Fire      7%         6-21      96%         3
 Poisonous Vapours        Pois/Air       2%         N/A       97%         2
 Inner Flame              Hex/Fire       5%         N/A       98%         3
 Call Canine Familiar     Summ           1%         N/A       99%         3
 Mephitic Cloud           Conj/Pois/Air  2%         N/A       99%         3
 Summon Guardian Golem    Hex/Summ       1%         N/A       99%         3
 Sticky Flame             Conj/Fire      7%         2d3       100%        4
 Fireball                 Conj/Fire      3%         3d4       100%        5
 Freezing Cloud           Conj/Ice/Air   1%         6-21      100%        5


Dungeon Overview and Level Annotations

Branches:
Dungeon (4/15)
 Temple: D:4-7

Altars:
Okawaru

Shops:
D:1 *

Annotations:
D:4 Eustachio


Innate Abilities, Weirdness & Mutations

You may rarely emit foul miasma when damaged in melee.
When seriously injured, your bleeding wounds create thick armour. (AC +9)


Message History

You feel better. The river rat barely misses you.
The river rat closely misses you.
You hit the river rat.
You kill the river rat!
The river rat's corpse disappears in a puff of smoke!
You closely miss the river rat. The river rat barely misses you.
You closely miss the quokka. You completely miss the river rat.
The quokka bites you but does no damage.
The river rat bites you!
* * * LOW HITPOINT WARNING * * *
You hit the quokka but do no damage. You hit the river rat but do no damage.
The quokka bites you but does no damage.
The river rat bites you but does no damage.
The shadow imp shouts, "Leave, thou rough-hewn spleeny vassal!"
You block the quokka's attack.
You barely miss the quokka. You closely miss the river rat.
The shadow imp disappears in a puff of smoke!
The river rat twitches its whiskers.
The river rat bites you but does no damage.
Eustachio twirls his moustache.
Eustachio casts a spell.
Eustachio blinks!
The quokka bites you but does no damage.
You closely miss the quokka. You hit the river rat but do no damage.
The river rat closely misses you. The quokka barely misses you.
The river rat bites you but does no damage.
You hit the quokka.
The quokka is severely wounded.
You hit the river rat. The quokka barely misses you.
The quokka bites you but does no damage.
The river rat barely misses you.
You barely miss the quokka.
The quokka is severely wounded.
You barely miss the river rat. The quokka barely misses you.
The river rat bites you but does no damage.
You closely miss the quokka.
The quokka is severely wounded.
Your scale mail prevents you from hitting the river rat.
The quokka closely misses you. The river rat bites you.
You die...

#..... #....#
#....# #....#
#.$..#
#####..§§#
#......§.# #
#.......@#######
#
#......#...r@r.#
#
#......#######.#
# #......#
#....# #
#......# #.####
#
#......####.###
####
#......##.....#
#...
#.[....##.#.#.#
#.## #...#.# #.#
#####.# #.#


You could see Eustachio, a river rat (summoned) and a quokka (summoned).

Vanquished Creatures
  A centaur (D:4)
  4 adders
  A worm (D:4)
  A dart slug (D:3)
  10 bats
  3 endoplasms
  6 giant cockroaches
  4 goblins
  5 hobgoblins
  7 jackals (D:2)
  3 kobolds
  3 quokkas
  5 ball pythons
  3 frilled lizards
  7 rats
63 creatures vanquished.

Vanquished Creatures (others)
  10 foxfires (D:1)
10 creatures vanquished.

Grand Total: 73 creatures vanquished

Notes
Turn   | Place    | Note
-------+----------+-------------------------------------------
     0 | D:1      | Spaninq the Demonspawn Fire Elementalist began the quest
                  | for the Orb.
     0 | D:1      | Reached XP level 1. HP: 13/13 MP: 3/3
   183 | D:1      | Found Uryal's General Store.
   216 | D:1      | Found a faded altar of an unknown god.
   232 | D:1      | Became a worshipper of Warmaster Okawaru
   232 | D:1      | Reached * piety under Okawaru
   483 | D:1      | Gained mutation: You may rarely emit foul miasma when
                  | damaged in melee. [demonic ancestry]
   483 | D:1      | Reached XP level 2. HP: 19/19 MP: 5/5
  1248 | D:2      | Reached skill level 1 in Axes
  1303 | D:2      | Reached skill level 1 in Fighting
  1303 | D:2      | Gained mutation: When seriously injured, your bleeding
                  | wounds create armour. (AC +9) [demonic ancestry]
  1303 | D:2      | Reached XP level 3. HP: 18/26 MP: 6/6
  1318 | D:2      | Reached skill level 1 in Armour
  2224 | D:3      | Gained mutation: When seriously injured, your bleeding
                  | wounds create thick armour. (AC +9) [demonic ancestry]
  2224 | D:3      | Reached XP level 4. HP: 4/32 MP: 7/7
  3295 | D:4      | Noticed a centaur
  3302 | D:4      | Killed a centaur
  3303 | D:4      | Reached XP level 5. HP: 30/38 MP: 8/8
  3631 | D:4      | Noticed Eustachio
  3738 | D:4      | Slain by a river rat

Illustrated notes

Levels and vault maps discovered:
D:1:      dpeg_arrival_round_b, layout_loops_ring, serial_shops,
          nicolae_shop_window_shopping,
          hellmonk_ecumenical_altar_pennies_from_heaven, chequers_arboretum
D:2:      layout_loops_cross, minmay_fractal_squares_5
D:3:      layout_rooms, minmay_tree_intersection, kennysheep_generic_room_5
D:4:      layout_basic, uniq_eustachio

Skill      XL: |  1  2  3  4 |
---------------+-------------+-----
Dodging        | 2 |  2.7
Axes           | 1 2 |  2.6
Fighting       | 1 2 |  2.0
Armour         | 1 |  1.8
Stealth        | |  1.8
Spellcasting   | |  2.0
Conjurations   | |  1.1
Fire Magic     | |  2.7

Action                   |  1- 3 |  4- 6 || total
-------------------------+-------+-------++-------
Melee: Hand axe          |   150 |   144 ||   294
       Punch             |       |     1 ||     1
 Cast: Foxfire           |     5 |       ||     5
Invok: Heroism           |       |     1 ||     1
  Use: Potion            |       |     9 ||     9
 Stab: Sleeping          |     3 |       ||     3
Armor: Robe              |    14 |       ||    14
       Ring mail         |    96 |    19 ||   115
       Scale mail        |       |   104 ||   104
       Chain mail        |       |     3 ||     3
       Skin              |       |    33 ||    33
Dodge: Dodged            |   125 |   120 ||   245
Block: Other             |       |    52 ||    52
       Reflection        |       |     1 ||     1

Table legend: (Time is in decaauts)
 A = Elapsed time spent in this place.
 B = Non-inter-level travel time spent in this place.
 C = Inter-level travel time spent in this place.
 D = Time resting spent in this place.
 E = Time spent auto-exploring this place.
 F = Levels seen in this place.
 G = Mean time per level.
                   A        B        C        D        E       F      G
               +--------+--------+--------+--------+--------+-----+--------+
         Total |   3800 |   3722 |     78 |    272 |   2735 |   4 |  950.0 |
       Dungeon |   3800 |   3722 |     78 |    272 |   2735 |   4 |  950.0 |
               +--------+--------+--------+--------+--------+-----+--------+

Top non-repeatable levels by time:
     D:2: 1270 daAuts
     D:1: 1134 daAuts
     D:3: 930 daAuts
     D:4: 464 daAuts
